 Dungeon Crawl Stone Soup version 0.27-a0-1502-g47ed6a6988 (webtiles) character file.

Game seed: 7327263263208800261

40 Tocho the Bolt Thrower (level 3, 0/21 HPs)
             Began as a Kobold Hunter on July 8, 2021.
             Slain by an adder (3 damage)
             ... on level 2 of the Dungeon.
             The game lasted 00:03:38 (1317 turns).

Tocho the Bolt Thrower (Kobold Hunter)              Turns: 1317, Time: 00:03:39

Health: 0/21       AC:  3    Str:  9    XL:     3   Next: 72%
Magic:  3/3        EV: 14    Int: 12    God:
Gold:   29         SH:  0    Dex: 16    Spells: 2/2 levels left

rFire    . . .     SeeInvis .   b - +0 short sword
rCold    . . .     Faith    .   (shield restricted)
rNeg     . . .     Spirit   .   c - +0 leather armour
rPois    .         Reflect  .   (no helmet)
rElec    .         Harm     .   (no cloak)
rCorr    .         Rampage  .   (no gloves)
Will     .....                  (no boots)
Stlth    +++.......             (no amulet)
HPRegen  0.07/turn              (no ring)
MPRegen  0.08/turn              (no ring)

@: lethally poisoned (0 -> -1), flying
A: small, no large weapons, nightstalker 3
a: no special abilities


You were on level 2 of the Dungeon.
You visited 1 branch of the dungeon, and saw 2 of its levels.

You collected 29 gold pieces.

Inventory:

Hand Weapons
 a - a +1 hand crossbow
 b - a +0 short sword (weapon)
Missiles
 d - 2 bolts
Armour
 c - a +0 leather armour (worn)
Jewellery
 h - an amulet of reflection
Scrolls
 f - 2 scrolls of enchant armour {unknown}
 g - a scroll of teleportation {unknown}


   Skills:
 + Level 2.2 Fighting
 + Level 0.6 Short Blades
 * Level 5.9 Crossbows
 + Level 0.2 Armour
 + Level 2.4 Dodging
 * Level 1.8 Stealth


You had 2 spell levels left.
You didn't know any spells.
Your spell library was empty.

Dungeon Overview and Level Annotations

Branches:
Dungeon (2/15)

Altars:


Innate Abilities, Weirdness & Mutations

You are small and have problems with some larger weapons.
You are completely attuned to the shadows.


Message History

You are poisoned.
The adder poisons you! The adder closely misses you.
There is a stone staircase leading up here.
You hit the adder.
The adder is lightly wounded.
You feel sick. The adder bites you. The adder misses you.
You hit the adder.
The adder is moderately wounded.
You feel sick. The adder misses you.
You hit the adder.
The adder is severely wounded.
You feel sick.
You are no longer poisoned.
The adder closely misses you. x2
You completely miss the adder.
The adder is severely wounded.
The adder bites you but does no damage.
You barely miss the adder.
The adder is severely wounded.
The adder completely misses you.
You closely miss the adder.
The adder is severely wounded.
The adder bites you. x2
You are poisoned.
The adder poisons you!
You hit the adder.
The adder is severely wounded.
You feel sick. The adder closely misses you.
You hit the adder but do no damage.
The adder is severely wounded.
You feel sick. The adder bites you.
* * * LOW HITPOINT WARNING * * *
The adder closely misses you.
It was a potion of flight.
You feel very buoyant.
You fly up into the air.
You feel sick. The adder misses you.
You closely miss the adder.
The adder is severely wounded.
You feel sick. The adder bites you.
You die...

.###....#.......#
...........>....#
..##..(.#.......#
...#....#.....#.#
........#####.#.#
...†..#.........#
......#........##
.##...#).......###
...............#@#
...............#S#
..............##S#
.####...........h#
....#............#
S...+.....#......#
....##..#.#......#
....##..#.#......#
.................######


You could see an adder, a jackal and a ball python.

Vanquished Creatures
  3 dart slugs
  3 ball pythons
  A bat (D:1)
  An endoplasm (D:1)
  3 giant cockroaches (D:1)
  2 goblins
  2 hobgoblins (D:1)
  2 jackals
  A quokka (D:2)
  6 frilled lizards
  5 kobolds
  6 rats (D:1)
35 creatures vanquished.

Notes
Turn   | Place    | Note
-------+----------+-------------------------------------------
     0 | D:1      | Tocho the Kobold Hunter began the quest for the Orb.
     0 | D:1      | Reached XP level 1. HP: 12/12 MP: 1/1
    37 | D:1      | Reached skill level 5 in Crossbows
   142 | D:1      | Reached XP level 2. HP: 17/17 MP: 2/2
   544 | D:1      | Reached XP level 3. HP: 21/21 MP: 3/3
   665 | D:1      | You fall into a shaft and drop 1 floor!
  1317 | D:2      | Slain by an adder

Illustrated notes

Levels and vault maps discovered:
D:1:      matt_arrival_grand_opening, layout_rooms, minmay_misc_feat_five,
          minmay_rat_gold_closets
D:2:      layout_basic, hellmonk_ecumenical_altar_defaced_shrine, uniq_natasha,
          uniq_robin, uniq_sigmund

Skill      XL: |  1 |
---------------+----+-----
Crossbows      | 5 |  5.9
Fighting       | |  2.2
Short Blades   | |  0.6
Armour         | |  0.2
Dodging        | |  2.4
Stealth        | |  1.8

Action                   || total
-------------------------++-------
Melee: Short sword       ||    32
 Fire: Hand crossbow     ||    65
  Use: Potion            ||     1
Armor: Leather armour    ||    15
Dodge: Dodged            ||    52

Table legend: (Time is in decaauts)
 A = Elapsed time spent in this place.
 B = Non-inter-level travel time spent in this place.
 C = Inter-level travel time spent in this place.
 D = Time resting spent in this place.
 E = Time spent auto-exploring this place.
 F = Levels seen in this place.
 G = Mean time per level.
                   A        B        C        D        E       F      G
               +--------+--------+--------+--------+--------+-----+--------+
         Total |   1330 |   1330 |      0 |    325 |    777 |   2 |  665.0 |
       Dungeon |   1330 |   1330 |      0 |    325 |    777 |   2 |  665.0 |
               +--------+--------+--------+--------+--------+-----+--------+

Top non-repeatable levels by time:
     D:1: 1007 daAuts
     D:2: 323 daAuts
